 Dungeon Crawl Stone Soup version 0.32-a0-422-g28b100f (webtiles) character file.

Game seed: 716164037328803665

259 Nithhogg the Covered (level 5, 0/47 HPs)
             Began as a Mountain Dwarf Fighter on Feb 21, 2024.
             Slain by Duvessa
             ... wielding a +0 rapier
              (5 damage)
             ... on level 4 of the Dungeon.
             The game lasted 00:03:27 (2622 turns).

Nithhogg the Covered (Mountain Dwarf Fighter)       Turns: 2622, Time: 00:03:27

Health: 0/47       AC:  7    Str: 21    XL:     5   Next: 94%
Magic:  5/5        EV: 10    Int:  8    God:
Gold:   127        SH:  4    Dex:  9    Spells: 4/4 levels left

rFire   . . .        t - +2 spear (venom)
rCold   . . .        c - +0 buckler
rNeg    . . .        b - +0 scale mail
rPois   .            (no helmet)
rElec   .            (no cloak)
rCorr   .            (no gloves)
SInv    .            (no boots)
Will    .....        (no amulet) Stlth
                     (no ring)
HPRegen 0.27/turn    (no ring)
MPRegen 0.09/turn

%: no passive effects
@: no status effects
A: runic magic, artefact enchanting
a: no special abilities


You were on level 4 of the Dungeon.
You visited 1 branch of the dungeon, and saw 4 of its levels.

You collected 127 gold pieces.

Inventory:

Hand Weapons
 a - a +0 war axe
 e - a +0 whip of draining
 t - a +2 spear of venom (weapon)
Armour
 b - a +0 scale mail (worn)
 c - a +0 buckler (worn)
 p - a scarf of invisibility
Jewellery
 g - a ring of magical power
 y - a ring of protection from fire
Scrolls
 j - a scroll of amnesia
 l - 4 scrolls of identify
 m - 2 scrolls of fear
 n - a scroll of vulnerability
 q - a scroll of blinking {unknown}
 r - a scroll of enchant armour {unknown}
 s - a scroll of poison {unknown}
 u - 3 scrolls of immolation {unknown}
 v - a scroll of teleportation {unknown}
 w - a scroll of revelation {unknown}
Potions
 d - a potion of might
 f - a potion of attraction {unknown}
 h - a potion of curing {unknown}
 i - a potion of mutation {unknown}
 k - 2 potions of enlightenment {unknown}
 o - a potion of cancellation {unknown}
 x - a potion of resistance {unknown}


   Skills:
 + Level 4.6 Fighting
 + Level 4.2 Axes
 + Level 4.6 Armour
 + Level 2.0 Dodging
 - Level 3.2 Shields


You had 4 spell levels left.
You didn't know any spells.
Your spell library contained the following spells:

 Spells                   Type           Power      Damage    Failure   Level
 Sting                    Conj/Alch      0%         1d3       56%         1
 Mercury Vapours          Alch/Air       0%         N/A       71%         2
 Inner Flame              Hex/Fire       0%         N/A       90%         3
 Olgreb's Toxic Radiance  Alch           0%         N/A       100%        4
 Irradiate                Conj/Alch      0%         3d11      100%        5
 Ignition                 Fire           0%         3d3       100%        8


Dungeon Overview and Level Annotations

Branches:
Dungeon (4/15)
 Temple: D:4-7

Altars:
Sif Muna
Wu Jian

Shops:
D:4 *

Annotations:
D:4 Dowan, Duvessa


Innate Abilities, Weirdness & Mutations

Your spellcasting is much less encumbered by armour.
You can use scrolls of enchantment on lesser artefacts.


Message History

You hit Duvessa but do no damage.
Duvessa looks as sick as possible!
Duvessa is moderately wounded.
Duvessa hits you with a +0 rapier! Dowan gestures at you while chanting.
You resist with some effort. Duvessa hits you with a +0 rapier!
You hit Duvessa but do no damage.
Duvessa looks as sick as possible!
Duvessa is heavily wounded.
Duvessa hits you with a +0 rapier. Dowan hits you with a +0 dagger.
You hit Duvessa but do no damage.
Duvessa looks as sick as possible!
Duvessa is heavily wounded.
Duvessa says, "Where magic fails, the sword succeeds!"
You block Duvessa's attack. Dowan hits you but does no damage.
Duvessa says, "When magic and the sword combine, nothing stands against them."
Duvessa zaps a wand.
The puff of flame hits you but does no damage.
You barely miss Duvessa.
Duvessa is heavily wounded.
Duvessa hits you with a +0 rapier. Dowan closely misses you.
You hit Duvessa.
Duvessa looks as sick as possible!
Duvessa is severely wounded.
Duvessa zaps a wand.
The puff of flame hits you. Dowan barely misses you.
You block Duvessa's attack.
You are too injured to fight recklessly!
Duvessa zaps a wand.
The puff of flame hits you!
* * * LOW HITPOINT WARNING * * *
Dowan mumbles some strange words.
Dowan blinks!
Reach: t) +2 spear (venom)
Press: ? - help, Dir - move target, f/p - Duvessa
Aim: Duvessa, wielding a +0 rapier, wearing a +0 scale mail and carrying a wand of flame (severely wounded, fast, extremely poisoned, about 30% to evade your +2 spear of venom)
You reach to attack!
You hit Duvessa.
Duvessa is severely wounded.
Duvessa zaps a wand.
The puff of flame hits you!
* * * LOW HITPOINT WARNING * * *
You hit Duvessa.
Duvessa looks as sick as possible!
Duvessa is almost dead.
Duvessa closely misses you.
Dowan points at you and mumbles some strange words.
You resist with some effort. Duvessa hits you with a +0 rapier.
You die...

#######∩...∩#
#.....#
#∩.⌠.∩#
#.....#
#∩...∩#
##...##
##+#######.+##
........)....#
.......e@....#
.......).....#
#.....§#######
#......
#......
.......
.......
..e....
#......


You could see Duvessa (fast, extremely poisoned) and Dowan.

Vanquished Creatures
  A bombardier beetle (D:4)
  A sleepcap (D:4)
  An iguana (D:4)
  4 adders
  A dart slug (D:1)
  A ribbon worm (D:3)
  4 orcs (D:3)
  5 ball pythons
  7 bats
  4 endoplasms (D:1)
  3 giant cockroaches
  13 goblins
  5 hobgoblins
  3 jackals (D:2)
  6 frilled lizards
  9 kobolds
  6 rats
74 creatures vanquished.

Notes
Turn   | Place    | Note
-------+----------+-------------------------------------------
     0 | D:1      | Nithhogg the Mountain Dwarf Fighter began the quest for the
                  | Orb.
     0 | D:1      | Reached XP level 1. HP: 19/19 MP: 1/1
   102 | D:1      | Reached XP level 2. HP: 26/26 MP: 2/2
   130 | D:1      | Found a faded altar of an unknown god.
   317 | D:1      | Reached XP level 3. HP: 28/31 MP: 3/3
   489 | D:1      | Reached skill level 1 in Dodging
  1001 | D:2      | Reached XP level 4. HP: 38/40 MP: 4/4
  1758 | D:3      | Reached XP level 5. HP: 28/46 MP: 5/5
  1951 | D:3      | Found an ornate altar of the Wu Jian Council.
  1981 | D:3      | Found a shimmering blue altar of Sif Muna.
  2596 | D:4      | Found Ishram's CLEARANCE SALE!.
  2608 | D:4      | Noticed Duvessa
  2610 | D:4      | Noticed Dowan
  2622 | D:4      | Slain by Duvessa

Illustrated notes

Levels and vault maps discovered:
D:1:      dpeg_arrival_rooms_with_view, layout_basic,
          ebering_ecumenical_altar_abandoned, serial_curves, eino_curves_04,
          eino_curves_01
D:2:      layout_loops_cross
D:3:      layout_loops_ring, mainiacjoe_overflow_two_lobes
D:4:      layout_gridville, nicolae_shop_clearance, uniq_duvessa

Skill      XL: |  1  2  3  4  5 |
---------------+----------------+-----
Axes           | 3 4 |  4.2
Dodging        | 1 2 |  2.0
Armour         | 4 |  4.6
Fighting       | 4 |  4.6
Shields        | |  3.2

Action                     |  1- 3 |  4- 6 || total
---------------------------+-------+-------++-------
  Melee: War axe           |   118 |    82 ||   200
         Spear             |       |    49 ||    49
    Use: Scroll            |       |     3 ||     3
 Armour: Scale mail        |   100 |    97 ||   197
  Dodge: Dodged            |    64 |    71 ||   135
  Block: Buckler           |    26 |    18 ||    44

Table legend: (Time is in decaauts)
 A = Elapsed time spent in this place.
 B = Non-inter-level travel time spent in this place.
 C = Inter-level travel time spent in this place.
 D = Time resting spent in this place.
 E = Time spent auto-exploring this place.
 F = Levels seen in this place.
 G = Mean time per level.
                   A        B        C        D        E       F      G
               +--------+--------+--------+--------+--------+-----+--------+
         Total |   2697 |   2626 |     71 |      0 |   2075 |   4 |  674.2 |
       Dungeon |   2697 |   2626 |     71 |      0 |   2075 |   4 |  674.2 |
               +--------+--------+--------+--------+--------+-----+--------+

Top non-repeatable levels by time:
     D:1: 962 daAuts
     D:3: 788 daAuts
     D:2: 697 daAuts
     D:4: 249 daAuts
